 Dungeon Crawl Stone Soup version 0.31.0-11-ge490571c62 (webtiles) character file.

Game seed: 332132831005951555

378 qw the Shooter (level 6, -4/33 HPs)
             Began as a Spriggan Hunter on Feb 3, 2024.
             Slain by a sleepcap (17 damage)
             ... on level 4 of the Dungeon.
             The game lasted 00:00:10 (2586 turns).

qw the Shooter (Spriggan Hunter)                    Turns: 2586, Time: 00:00:10

Health: -4/33      AC:  5    Str:  7    XL:     6   Next: 45%
Magic:  0/7        EV:  4    Int: 10    God:
Gold:   159        SH:  0    Dex: 21    Spells: 5/5 levels left

rFire   . . .        a - +1 shortbow
rCold   . . .        (shield currently unavailable)
rNeg    . . .        i - +1 robe "Ydirch" {rCorr Stlth+}
rPois   .            (helmet restricted)
rElec   .            j - +1 cloak
rCorr   +            (gloves unavailable)
SInv    +            (boots unavailable)
Will    +....        m - amulet of guardian spirit
Stlth   +++          (no ring)
HPRegen 0.25/turn    (no ring)
MPRegen 0.10/turn

%: guardian spirit
@: sleeping, very quick
A: very small, no large weapons, unfitting armour, see invisible, speed 3
a: no special abilities


You were on level 4 of the Dungeon.
You visited 1 branch of the dungeon, and saw 4 of its levels.

You collected 159 gold pieces.


Innate Abilities, Weirdness & Mutations

You are very small and have problems with some larger weapons.
You are too small for most types of armour.
You have supernaturally acute eyesight. (SInv)
You cover ground extremely quickly. (Speed+++)


   Skills:
 - Level 3.7 Fighting
 + Level 5.7 Ranged Weapons
 - Level 5.0 Dodging
 - Level 1.5 Stealth


You had 5 spell levels left.
You didn't know any spells.
Your spell library was empty.

Inventory:

Hand Weapons
 a - a +1 shortbow (weapon)
Armour
 i - the +1 robe "Ydirch" (worn) {rCorr Stlth+}
   (You found it on level 3 of the Dungeon)

   rCorr:     It protects you from acid and corrosion.
   Stlth+:    It makes you more stealthy.
 j - a +1 cloak (worn)
Jewellery
 m - an amulet of guardian spirit (around neck)
Scrolls
 n - 2 scrolls of teleportation
Potions
 b - 3 potions of enlightenment
 d - 2 potions of curing
 e - 2 potions of heal wounds
 f - a potion of might {unknown}
 h - a potion of berserk rage {unknown}
 k - a potion of resistance {unknown}
 o - a potion of cancellation {unknown}

Dungeon Overview and Level Annotations

Branches:
Dungeon (4/15)
 Temple: D:4-7

Altars:
Hepliaklqana
Qazlal
Trog

Shops:
D:1 (

Annotations:
D:3 1 runed translucent door, Crazy Yiuf


Message History

You shoot an arrow. The arrow hits the phantom.
The phantom is heavily damaged.
The phantom hits you.
You shoot an arrow. The arrow hits the phantom.
The phantom is heavily damaged.
The phantom hits you.
The phantom blinks!
You blink.
You shoot an arrow. The arrow hits the phantom!
The phantom is almost destroyed.
The phantom completely misses you.
You shoot an arrow. The arrow hits the phantom.
The phantom is almost destroyed.
The phantom completely misses you. The phantom hits you.
The phantom blinks!
You blink.
You shoot an arrow.
The arrow completely misses the phantom.
The phantom closely misses you.
You shoot an arrow. The arrow closely misses the phantom.
The phantom barely misses you.
You shoot an arrow. The arrow barely misses the phantom.
The phantom completely misses you.
You shoot an arrow. The arrow hits the phantom.
The phantom is almost destroyed.
The phantom hits you.
You shoot an arrow. The arrow hits the phantom.
You destroy the phantom!
The sleepcap misses you.
You shoot an arrow. The arrow hits the sleepcap!
The sleepcap is moderately damaged.
The sleepcap completely misses you.
You shoot an arrow. The arrow hits the sleepcap.
The sleepcap is heavily damaged.
The sleepcap releases spores at you but does no damage.
You shoot an arrow. The arrow hits the sleepcap!
The sleepcap is almost destroyed.
The sleepcap closely misses you. The sleepcap releases spores at you.
You are engulfed in a cloud of soporific spores!
You fall asleep.
The sleepcap releases spores at you!!
Ouch! That really hurt!
You die...

####### #
##.%...#########..
#..####¤¤¤......#
##.## #¤¤¤~~~~~.#
#..# #¤..~~~..~#
#.## #¤¤¤@..~.~#
#.# #~¤~.f.¤.~#
#### #.#
#¤¤~...~.~#
..<###.#
#~..~~~..~#
.......#
#.¤~~~~~~.#
...#####
#.........# ...#
#%#########.# ...#
#. ... ...# ##
#....


You could see a sleepcap.

Vanquished Creatures
  Sigmund (D:3)
  A phantom (D:4)
  A hound (D:4)
  6 adders
  2 ribbon worms
  2 orcs (D:3)
  9 ball pythons
  7 bats
  9 endoplasms
  2 giant cockroaches
  3 goblins
  A hobgoblin (D:3)
  7 kobolds
  5 quokkas
  6 frilled lizards
  5 rats
67 creatures vanquished.

Notes
Turn   | Place    | Note
-------+----------+-------------------------------------------
     0 | D:1      | qw the Spriggan Hunter began the quest for the Orb.
     0 | D:1      | Reached XP level 1. HP: 10/10 MP: 2/2
     0 | D:1      | 0 ||| qw: Version: 0.3-a-157-g843a77d
     0 | D:1      | 0 ||| qw: Game counter: 3952
     0 | D:1      | 0 ||| qw: Melee chars always use a shield: true
     0 | D:1      | 0 ||| qw: God list: Okawaru
     0 | D:1      | 0 ||| qw: Allow faded altars: false
     0 | D:1      | 0 ||| qw: Do Orc after clearing Dungeon:15 true
     0 | D:1      | 0 ||| qw: Do second Lair branch before Depths: true
     0 | D:1      | 0 ||| qw: Lair rune preference: random
     0 | D:1      | 0 ||| qw: Goals: Normal
     0 | D:1      | 0 ||| PLANNING D:1-11
    58 | D:1      | Reached skill level 3 in Dodging
   221 | D:1      | Reached XP level 2. HP: 14/14 MP: 3/3
   272 | D:1      | Found Cittugi's Weapon Shop.
   743 | D:1      | 743 ||| UPGRADING to +0 cloak.
   748 | D:1      | 748 ||| READING scroll labelled UQODOTWANKA.
   748 | D:1      | 748 ||| ENCHANTING +0 shortbow.
   749 | D:1      | 749 ||| READING scroll labelled XIZ YKAUQEFUPI.
   750 | D:1      | 750 ||| READING scroll labelled MUXEEC RIGGU.
   754 | D:1      | 754 ||| READING scroll labelled YDETHO NUCROWN.
   754 | D:1      | 754 ||| ENCHANTING +0 cloak.
   755 | D:1      | 755 ||| DRINKING 2 puce potions.
   756 | D:1      | 756 ||| DROPPING scroll of butterflies.
   781 | D:2      | 781 ||| STAIRDANCE
   789 | D:2      | 789 ||| STAIRDANCE
   794 | D:1      | Reached XP level 3. HP: 17/18 MP: 4/4
   903 | D:2      | Found a faded altar of an unknown god.
  1060 | D:2      | Reached XP level 4. HP: 22/22 MP: 5/5
  1185 | D:2      | Found a bloodstained altar of Trog.
  1253 | D:2      | 1253 ||| READING scroll labelled VENYPE ZIMOX.
  1293 | D:2      | 1293 ||| READING scroll labelled SIGALOH SONKI.
  1293 | D:2      | 1293 ||| IDENTIFYING black potion
  1294 | D:2      | 1294 ||| READING scroll labelled TOAMOKHL AGHEF.
  1518 | D:3      | Identified the +1 robe "Ydirch" {rCorr Stlth+}
  1720 | D:3      | Noticed Sigmund
  1735 | D:3      | Killed Sigmund
  1736 | D:3      | Reached skill level 3 in Fighting
  1736 | D:3      | Reached XP level 5. HP: 29/29 MP: 6/6
  1736 | D:3      | Reached XP level 6. HP: 33/33 MP: 7/7
  2046 | D:3      | Found a hazy altar of Hepliaklqana.
  2189 | D:3      | Found a runed translucent door.
  2190 | D:3      | Noticed Crazy Yiuf
  2348 | D:3      | 2348 ||| UPGRADING to +1 robe "Ydirch" {rCorr Stlth+}.
  2358 | D:3      | 2358 ||| DROPPING +0 robe.
  2359 | D:3      | 2359 ||| DROPPING amulet of magic regeneration.
  2360 | D:3      | 2360 ||| UPGRADING to amulet of guardian spirit.
  2365 | D:3      | 2365 ||| READING scroll labelled FIBUPR REIMIS.
  2366 | D:3      | 2366 ||| DRINKING 2 ruby potions.
  2368 | D:3      | 2368 ||| Stepping ~*~*~tactically~*~*~ (cloud).
  2542 | D:4      | Found a stormy altar of Qazlal.
  2586 | D:4      | Slain by a sleepcap

Levels and vault maps discovered:
D:1:      roderic_crossed_star, layout_loops_corners, serial_shops,
          nicolae_shop_bloodbath_and_beyond, minmay_tiny_reverse_x
D:2:      layout_rooms, basic_altar, ebering_ecumenical_altar_box,
          minmay_crystal_room
D:3:      layout_loops_ring, marbit_many_paths, chequers_serial_rivers_small_a,
          minivault_14, minivault_5, minivault_25, uniq_crazy_yiuf_cottage,
          uniq_sigmund
D:4:      kennysheep_goblin_castle, layout_rooms,
          nicolae_uskayaw_murder_on_the_dancefloor, nicolae_ru_awakened_eye,
          mainiacjoe_overflow_paths, minmay_temple_entry_butterflies,
          st_stairs_7, dk_noncrumbling_2, minmay_goblin_outpost, uniq_menkaure

Skill      XL: |  1  2  3  4 |
---------------+-------------+-----
Dodging        | 3 4 5 |  5.0
Ranged Weapons | 5 |  5.7
Fighting       | 3 |  3.7
Stealth        | |  1.5

Action                     |  1- 3 |  4- 6 || total
---------------------------+-------+-------++-------
   Fire: Shortbow          |    95 |   118 ||   213
    Use: Scroll            |     4 |     4 ||     8
         Potion            |     1 |     1 ||     2
 Armour: Robe              |     9 |    15 ||    24
  Dodge: Dodged            |    28 |    37 ||    65

Table legend:
 A = Non-vault XP
 B = Vault XP
 C = Vault XP percentage of total XP
 D = Non-vault monster count
 E = Vault monster count
 F = Vault count percentage of total count
                 A         B        C        D         E       F
            +---------+---------+-------+---------+---------+-------
      Total |     312 |     228 |  42.2 |      63 |       4 |   6.0
            +---------+---------+-------+---------+---------+-------
        D:1 |      41 |       2 |   4.7 |      17 |       2 |  10.5
        D:2 |      78 |       0 |   0.0 |      22 |       0 |   0.0
        D:3 |      45 |     226 |  83.4 |      20 |       2 |   9.1
        D:4 |     148 |       0 |   0.0 |       4 |       0 |   0.0
            +---------+---------+-------+---------+---------+-------
